 Dungeon Crawl Stone Soup version 0.32-a0-893-gf85d74f360 (webtiles) character file.

Game seed: 17792766916618060533

41857 601d51SH the Warrior (level 13, -9/127 HPs)
             Began as a Minotaur Fighter on Apr 3, 2024.
             Was the Champion of Okawaru.
             Killed from afar by Roxanne (26 damage)
             ... with a bolt of magma
             ... on level 1 of the Swamp.
             The game lasted 00:45:43 (14309 turns).

601d51SH the Warrior (Minotaur Fighter)            Turns: 14309, Time: 00:45:44

Health: -9/127     AC: 20    Str: 30    XL:     13   Next: 82%
Magic:  15/15      EV: 11    Int:  5    God:    Okawaru [******]
Gold:   708        SH: 11    Dex: 12    Spells: 12/12 levels left

rFire   . . .        O - +5 war axe (freeze)
rCold   + . .        c - +0 kite shield
rNeg    . . .        U - +2 chain mail {rPois}
rPois   +            (helmet restricted)
rElec   .            G - +2 cloak
rCorr   +            x - +0 pair of fencer's gloves {Riposte Dex+3}
SInv    .            L - +1 pair of boots
Will    .....        D - amulet of regeneration Stlth
                     R - +6 ring of strength
HPRegen 1.21/turn    N - ring "Pulas" {rPois rC+ rCorr Str-3 Slay+3}
MPRegen 0.14/turn

%: no passive effects
@: studying Dodging, very slow
A: horns 2, retaliatory headbutt
a: Renounce Religion, Heroism, Finesse, Duel, Receive Weapon, Receive Armour


You were on level 1 of the Swamp.
You worshipped Okawaru.
Okawaru was exalted by your worship.
You visited 4 branches of the dungeon, and saw 17 of its levels.

You collected 708 gold pieces.

Inventory:

Hand Weapons
 O - a +5 war axe of freezing (weapon)
 Z - a +5 flail of freezing
Missiles
 a - 3 poisoned darts (quivered)
 b - 11 curare-tipped darts
 o - 2 darts of dispersal
Armour
 c - a +0 kite shield (worn)
 x - the +0 pair of fencer's gloves (worn) {Riposte Dex+3}
   (You acquired it on level 4 of the Lair of Beasts)

   Riposte:   It allows the wearer to riposte with melee weapons, swiftly
   retaliating against missed or blocked melee attacks.
   Dex+3:     It affects your dexterity (+3).
 G - a +2 cloak (worn)
 L - a +1 pair of boots (worn)
 U - a +2 chain mail of poison resistance (worn)
Jewellery
 m - a +4 ring of slaying
 D - an amulet of regeneration (around neck)
 H - a ring of protection from fire
 J - a ring of see invisible
 N - the ring "Pulas" (right hand) {rPois rC+ rCorr Str-3 Slay+3}
   (You took it off an orc warrior on level 11 of the Dungeon)

   [ring of resist corrosion]

   Str-3:     It affects your strength (-3).
   Slay+3:    It affects your accuracy & damage with ranged weapons and melee
   (+3).
   rC+:       It protects you from cold.
   rPois:     It protects you from poison.
   rCorr:     It protects you from acid and corrosion.
 R - a +6 ring of strength (left hand)
Wands
 e - a wand of digging (5)
 M - a wand of mindburst (20)
 Q - a wand of polymorph (10)
 S - a wand of flame (41)
 W - a wand of acid (3)
 Y - a wand of iceblast (21)
Scrolls
 f - 3 scrolls of summoning
 g - 3 scrolls of fear
 h - 6 scrolls of poison
 i - 5 scrolls of enchant armour
 q - 3 scrolls of revelation
 r - 9 scrolls of teleportation {unknown}
 s - 4 scrolls of immolation
 t - a scroll of blinking
 u - a scroll of acquirement
 v - 5 scrolls of silence
 w - 2 scrolls of noise {unknown}
 y - 2 scrolls of vulnerability {unknown}
 E - 4 scrolls of amnesia
 I - 2 scrolls of enchant weapon {unknown}
 P - a scroll of identify
 T - 2 scrolls of fog {unknown}
 X - a scroll of brand weapon {unknown}
Potions
 d - 3 potions of might
 j - 3 potions of brilliance
 k - a potion of mutation {unknown}
 l - a potion of attraction {unknown}
 n - 2 potions of magic
 p - 5 potions of lignification
 z - 4 potions of haste
 A - 2 potions of enlightenment
 B - 2 potions of resistance {unknown}
 C - 2 potions of heal wounds
 F - 2 potions of ambrosia
 K - 6 potions of curing
 V - a potion of invisibility {unknown}


   Skills:
 + Level 15.5 Fighting
 - Level 15.0(16.0) Axes
 - Level 8.9(13.0) Polearms
 - Level 10.0 Armour
 - Level 10.1 Dodging
 - Level 12.0 Shields
 - Level 5.0 Invocations


You had 12 spell levels left.
You didn't know any spells.
Your spell library contained the following spells:

 Spells                   Type           Power      Damage    Failure   Level
 Apportation              Tloc           0%         N/A       95%         1
 Necrotise                Necr           0%         1d4       95%         1
 Slow                     Hex            0%         N/A       95%         1
 Sting                    Conj/Alch      0%         1d3       95%         1
 Blink                    Tloc           0%         N/A       98%         2
 Lesser Beckoning         Tloc           0%         N/A       98%         2
 Mercury Vapours          Alch/Air       0%         N/A       98%         2
 Momentum Strike          Conj/Tloc      0%         3d8       98%         2
 Confusing Touch          Hex            0%         N/A       100%        3
 Frozen Ramparts          Ice            0%         1d1       100%        3
 Mephitic Cloud           Conj/Alch/Air  0%         N/A       100%        3
 Ozocubu's Armour         Ice            0%         N/A       100%        3
 Sigil of Binding         Hex            0%         N/A       100%        3
 Vampiric Draining        Necr           0%         2d6       100%        3
 Dimensional Bullseye     Hex/Tloc       0%         N/A       100%        4
 Vhi's Electric Charge    Tloc/Air       0%         N/A       100%        4
 Arcjolt                  Conj/Air       0%         1d10      100%        5
 Curse of Agony           Necr           0%         N/A       100%        5
 Freezing Cloud           Conj/Ice/Air   0%         6-21      100%        5
 Metabolic Englaciation   Hex/Ice        0%         N/A       100%        5
 Plasma Beam              Fire/Air       0%         2x1d10    100%        6
 Summon Small Mammal      Summ           Unusable   N/A       N/A         1
 Call Canine Familiar     Summ           Unusable   N/A       N/A         3
 Martyr's Knell           Necr/Summ      Unusable   N/A       N/A         4

Dungeon Overview and Level Annotations

Branches:
Dungeon (11/15)            Temple (1/1) D:4            Lair (4/5) D:11
  Swamp (1/4) Lair:3        Snake (0/4) Lair:3          Orc (0/2) D:11
  Slime: Lair:4-5

Altars:
Ashenzari
Cheibriados
Dithmenos
Elyvilon
Fedhas
Gozag
Hepliaklqana
Kikubaaqudgha
Makhleb
Nemelex Xobeh
Okawaru
Qazlal
Ru
Sif Muna
Trog
Uskayaw
Vehumet
Wu Jian
Xom
Yredelemnul
Zin
The Shining One

Annotations:
Swamp:1 Roxanne


Innate Abilities, Weirdness & Mutations

You have a pair of horns on your head.
You reflexively headbutt those who attack you in melee.


Message History

You barely miss the thorn hunter. Your headbutt misses the thorn hunter.
The thorn hunter is almost destroyed.
The briar patch crumbles away. x3; You block the thorn hunter's attack.
The thorn hunter hits you but does no damage.
You slash the thorn hunter! You freeze the thorn hunter.
You destroy the thorn hunter!
Okawaru is honoured by your kill.
You start resting.
The briar patch crumbles away. x9
HP restored.
Roxanne casts a spell.
You blink.
You see here a potion of heal wounds.
C - 2 potions of heal wounds (gained 1) Roxanne mumbles some strange words.
You block the crystal spear.
You slash Roxanne! You freeze Roxanne.
Roxanne is lightly damaged.
You hit Roxanne. You headbutt Roxanne, but do no damage.
Roxanne is lightly damaged.
You slice Roxanne!! You headbutt Roxanne!
Roxanne is moderately damaged.
You slash Roxanne!
Roxanne is moderately damaged.
Roxanne casts a spell.
The crystal spear hits you!!!
You slice Roxanne!! You freeze Roxanne. You headbutt Roxanne.
Roxanne is heavily damaged.
You enter the shallow water.
Moving in this stuff is going to be slow.
Roxanne casts a spell.
The crystal spear hits you!!
Roxanne sighs and says, "It wouldn't be so bad were it not for the bird droppings."
Roxanne casts a spell.
The crystal spear hits you!!
* * * LOW HITPOINT WARNING * * *
You enter the shallow water.
Moving in this stuff is going to be slow.
Roxanne casts a spell.
The bolt of magma hits you!!
You die...

........~♣♣ ~~..♣ ♣.♣.......♣♣
♣~.....~~~
.♣.....♣..~♣♣♣~~..~.~~
.......♣...♣♣.~§♣♣♣..♣
......♣♣....)........♣
.....♣♣~.~~[..~~...~♣
.♣..♣♣♣~~~~..~~~...~♣♣
♣♣♣♣♣.~~.♣~.~~~~~~~~~♣♣
♣~~~...~~~~~@~§..~♣ ~♣♣
♣♣♣~..~~§~~...~.~.♣♣ ♣♣.~.
♣.†.~§~~...>.§~..~♣♣~......
♣.<)~~~~~..~~......♣...♣... ..
♣♣♣†~~~~~.~~~..I.~~~.....~)!
~♣..♣..~~~§~~~~~~~....~§§...~~~.
..~.~~~~~~~~~~.......♣~.~~~~.~§.
.♣♣..~~...~~~§.~~.~~....~~~..~~~
♣♣.......~~~..♣.~~~....~~~~~§~


You could see Roxanne.

Vanquished Creatures
  A thorn hunter (Swamp:1)
  Donald (Swamp:1)
  A hydra (Lair:3)
  Erica (D:9)
  A catoblepas (Lair:4)
  A boulder beetle (D:11)
  4 death yaks
  4 two-headed ogres
  A goliath frog (Swamp:1)
  A skyshark (Lair:4)
  A swamp dragon (Swamp:1)
  An oklob plant (Lair:4)
  5 elephants (Lair:4)
  Joseph (D:8)
  2 torpor snails
  2 gargoyles (D:11)
  9 cane toads
  4 black mambas
  Maggie (D:9)
  A rime drake (Lair:1)
  9 komodo dragons
  2 trolls (D:11)
  3 polar bears
  2 tyrant leeches (Swamp:1)
  12 blink frogs
  2 hornets (Swamp:1)
  A dream sheep (Lair:3)
  Sigmund (D:3)
  2 spriggans (Swamp:1)
  A shadow (D:11)
  4 basilisks
  38 yaks
  3 wyverns
  A human (D:11)
  4 steam dragons
  Eustachio (D:6)
  A warg (D:11)
  8 vampire mosquitoes (Swamp:1)
  3 nagas (Lair:3)
  An acid dragon (D:11)
  2 swamp worms (Swamp:1)
  Duvessa (D:5)
  10 water moccasins
  An orc warrior (D:11)
  2 sky beasts (D:6)
  7 black bears
  A swamp drake (Swamp:1)
  4 wolves (Lair:1)
  9 centaurs
  2 kobold brigands
  2 gnoll sergeants (D:8)
  A scorpion (D:5)
  21 bullfrogs
  23 wights
  Dowan (D:5)
  A killer bee (D:8)
  The ghost of AutarchDCSS the Sneak, a weakling DsBr (D:3)
  A howler monkey (D:9)
  2 electric eels
  2 bombardier beetles
  7 orc priests
  3 hounds
  3 jellies
  Crazy Yiuf (D:4)
  A sleepcap (D:5)
  7 orc wizards
  Natasha (thrice) (D:3)
  11 adders
  4 gnolls (D:8)
  3 shadow imps
  2 white imps
  2 ufetubi (D:6)
  2 ribbon worms
  13 dart slugs
  27 orcs
  3 ball pythons
  4 endoplasms
  2 giant cockroaches
  6 hobgoblins
  A quokka (D:1)
  5 bats
  3 frilled lizards
  A goblin (D:1)
  6 kobolds
  2 rats
358 creatures vanquished.

Notes
Turn   | Place    | Note
-------+----------+-------------------------------------------
     0 | D:1      | 601d51SH the Minotaur Fighter began the quest for the Orb.
     0 | D:1      | Reached XP level 1. HP: 19/19 MP: 0/0
   192 | D:1      | Reached XP level 2. HP: 27/27 MP: 1/1
  1019 | D:2      | Found a faded altar of an unknown god.
  1082 | D:2      | Reached XP level 3. HP: 31/33 MP: 2/2
  1543 | D:3      | Noticed Natasha
  1552 | D:3      | Killed Natasha
  1565 | D:3      | Noticed Natasha
  1572 | D:3      | Killed Natasha
  1573 | D:3      | Reached skill level 5 in Axes
  1573 | D:3      | Reached XP level 4. HP: 33/40 MP: 3/3
  1585 | D:3      | Noticed Sigmund
  1600 | D:3      | Killed Sigmund
  1601 | D:3      | Reached XP level 5. HP: 9/46 MP: 4/4
  1601 | D:3      | Reached XP level 6. HP: 10/52 MP: 5/5
  1849 | D:3      | Found a runed translucent door.
  2262 | D:3      | Found a sacrificial altar of Ru.
  2321 | D:3      | Found an iron altar of Okawaru.
  2334 | D:3      | Noticed Natasha
  2335 | D:3      | Became a worshipper of Warmaster Okawaru
  2341 | D:3      | Killed Natasha
  2472 | D:3      | Noticed AutarchDCSS's ghost (weakling DsBr)
  2482 | D:3      | Killed AutarchDCSS's ghost
  2483 | D:3      | Reached skill level 5 in Fighting
  2529 | D:4      | Found an ornate altar of the Wu Jian Council.
  2719 | D:4      | Found a hazy altar of Hepliaklqana.
  2728 | D:4      | Found a staircase to the Ecumenical Temple.
  2738 | D:4      | Found a runed translucent door.
  2739 | D:4      | Noticed Crazy Yiuf
  2775 | D:4      | Reached XP level 7. HP: 60/63 MP: 6/6
  3146 | D:4      | Killed Crazy Yiuf
  3187 | D:5      | Entered Level 5 of the Dungeon
  3289 | D:5      | Reached skill level 1 in Polearms
  3467 | D:5      | Noticed Dowan
  3469 | D:5      | Noticed Duvessa
  3478 | D:5      | Killed Dowan
  3478 | D:5      | Reached * piety under Okawaru
  3481 | D:5      | Killed Duvessa
  3585 | D:5      | Reached skill level 5 in Polearms
  3655 | D:5      | Found a shadowy altar of Dithmenos.
  3848 | D:6      | Reached XP level 8. HP: 71/71 MP: 7/7
  3960 | D:6      | Noticed Eustachio
  4004 | D:6      | Killed Eustachio
  4163 | D:6      | Found a broken altar of Ashenzari.
  4245 | D:6      | Reached ** piety under Okawaru
  4246 | D:6      | Reached skill level 5 in Armour
  4330 | D:6      | Found a blossoming altar of Fedhas.
  4531 | D:7      | Found an opulent altar of Gozag.
  4633 | D:7      | Found a bloodstained altar of Trog.
  4660 | D:7      | Identified the +4 long sword of Temperance {freeze, Dex+3}
  4740 | D:7      | Reached XP level 9. HP: 76/78 MP: 8/8
  4825 | D:7      | Reached *** piety under Okawaru
  4943 | D:7      | Reached skill level 10 in Armour
  5121 | D:7      | Found an ancient bone altar of Kikubaaqudgha.
  5260 | D:7      | Found a white marble altar of Elyvilon.
  5654 | D:8      | Noticed Joseph
  5716 | D:8      | Killed Joseph
  5732 | D:8      | Reached **** piety under Okawaru
  5762 | D:8      | Reached XP level 10. HP: 93/93 MP: 9/9
  5818 | D:8      | Reached skill level 10 in Fighting
  5949 | D:8      | Found a snail-covered altar of Cheibriados.
  6051 | D:8      | Noticed a two-headed ogre
  6053 | D:8      | Killed a two-headed ogre
  6053 | D:8      | Reached ***** piety under Okawaru
  6133 | D:8      | Found a burning altar of Makhleb.
  6626 | D:9      | Noticed Erica
  6675 | D:9      | Killed Erica
  6796 | D:9      | Found a basalt altar of Yredelemnul.
  6830 | D:9      | Received a gift from Okawaru
  6891 | D:9      | Reached skill level 10 in Dodging
  7147 | D:9      | Identified the +2 robe of Damat {SInv}
  7250 | D:9      | Noticed Maggie
  7264 | D:9      | Killed Maggie
  7265 | D:9      | Reached skill level 5 in Shields
  7499 | D:10     | Entered Level 10 of the Dungeon
  7628 | D:10     | Reached XP level 11. HP: 90/102 MP: 10/10
  7883 | D:10     | Noticed a two-headed ogre
  7889 | D:10     | Killed a two-headed ogre
  7889 | D:10     | Received a gift from Okawaru
  8783 | Temple   | Entered the Ecumenical Temple
  9378 | D:11     | Noticed a two-headed ogre
  9386 | D:11     | Killed a two-headed ogre
  9430 | D:11     | Noticed a two-headed ogre
  9431 | D:11     | Found a staircase to the Orcish Mines.
  9439 | D:11     | Killed a two-headed ogre
  9527 | D:11     | Identified the ring "Pulas" {rPois rC+ rCorr Str-3 Slay+3}
  9539 | D:11     | Reached skill level 10 in Shields
  9597 | D:11     | Found a staircase to the Lair.
  9663 | D:11     | Received a gift from Okawaru
  9721 | D:11     | Noticed a boulder beetle
  9782 | D:11     | Killed a boulder beetle
 10108 | Lair:1   | Entered Level 1 of the Lair of Beasts
 10290 | Lair:1   | Received a gift from Okawaru
 10291 | Lair:1   | Reached XP level 12. HP: 93/110 MP: 11/11
 10357 | Lair:1   | Reached skill level 10 in Axes
 10551 | Lair:1   | Noticed a death yak
 10566 | Lair:1   | Killed a death yak
 10999 | Lair:2   | Reached ****** piety under Okawaru
 11037 | Lair:2   | Found an iron altar of Okawaru.
 11603 | Lair:3   | Noticed an eight-headed hydra
 11613 | Lair:3   | Killed an eight-headed hydra
 11677 | Lair:3   | Found a staircase to the Swamp.
 11826 | Lair:3   | Received a gift from Okawaru
 12021 | Lair:3   | Found a staircase to the Snake Pit.
 12261 | Lair:3   | Reached skill level 15 in Axes
 12309 | Lair:3   | Reached skill level 1 in Invocations
 12512 | Lair:4   | Reached XP level 13. HP: 93/116 MP: 13/13
 12872 | Lair:4   | Received a gift from Okawaru
 12873 | Lair:4   | Reached skill level 5 in Invocations
 13050 | Lair:4   | Identified 2 scrolls of acquirement
 13051 | Lair:4   | Acquired the +0 pair of fencer's gloves {Riposte Dex+3}
 13051 | Lair:4   | Found the +0 pair of fencer's gloves {Riposte Dex+3}
 13833 | Swamp:1  | Entered Level 1 of the Swamp
 13879 | Swamp:1  | Noticed Donald
 13891 | Swamp:1  | Received a gift from Okawaru
 13893 | Swamp:1  | Paralysed by a hornet for 1 turns
 13897 | Swamp:1  | Killed Donald
 13969 | Swamp:1  | Noticed Roxanne
 14026 | Swamp:1  | Reached skill level 15 in Fighting
 14072 | Swamp:1  | HP: 2/127 [Roxanne/iron shot (47)]
 14187 | Swamp:1  | Noticed a thorn hunter
 14202 | Swamp:1  | Killed a thorn hunter
 14309 | Swamp:1  | Killed from afar by Roxanne

Illustrated notes

Levels and vault maps discovered:
D:1:      sevenhm_arrival_forest_fort_small_6, layout_loops_cross,
          serial_aquarium, aquarium_bridge_long_separate
          [aquarium_subvault_bridge, aquarium_subvault_bridge,
          aquarium_subvault_wall, aquarium_subvault_bridge,
          aquarium_subvault_wall, aquarium_subvault_window], aquarium_window_1,
          aquarium_window_1, aquarium_view_2f, aquarium_view_2c
D:2:      layout_basic, dreamdust_ecumenical_altar_grove, grunt_ministairs_14
D:3:      layout_basic, lemuel_coloured_pillars_altar, okawaru_gym_becter,
          ebering_ghost_reflecting_pool, uniq_sigmund, uniq_natasha
D:4:      layout_rooms, mainiacjoe_overflow_brackets, lemuel_crystal_altar,
          minmay_temple_entry_trees, chequers_serial_rivers_micro_e,
          uniq_crazy_yiuf_cottage
D:5:      layout_basic, lemuel_tele_altar, uniq_duvessa
D:6:      layout_cave_pools, fedhas_altar_fruit_tree, ashenzari_altar_1,
          item_on_display_a, uniq_eustachio
D:7:      kennysheep_slugbush, layout_basic, lemuel_crystal_altar,
          mainiacjoe_overflow_concentric_impassable,
          nicolae_elyvilon_temple_path, mainiacjoe_overflow_alcove_4,
          minmay_diced_spiral
D:8:      layout_basic, kennysheep_little_box, kennysheep_slug_shrine,
          hangedman_abyss_or_decor_stagger, minmay_fractal_squares_5,
          uniq_joseph
D:9:      layout_stronghold, mainiacjoe_overflow_six_doors_small, uniq_maggie,
          uniq_erica
D:10:     layout_long_grid, hangedman_glass_teeth, kb_lookout_dungeons_type
D:11:     layout_loops_ring, due_lair_maze_entry_diamond, erik_orc_4
Temple:   hellmonk_temple_forest_ring
Lair:1:   layout_hall_layers, infiniplex_staircase_pool
Lair:2:   layout_loops_ring, basic_altar, lemuel_fruit_tree
Lair:3:   layout_roguey, minmay_swamp_entry_eels, nicolae_snake_entry_squirm,
          minmay_shattered_shrine, grunt_megastairs_5
Lair:4:   layout_loops_ring, chequers_serial_rivers_small_3
Swamp:1:  layout_basic_swamp, ebering_ghost_reflecting_pool,
          nicolae_swamp_big_swirl, nicolae_swamp_tree_isthmus, uniq_donald,
          uniq_roxanne

Skill      XL: |  1  2  3  4  5  6  7  8  9 10 11 12 13 |
---------------+----------------------------------------+-----
Armour         | 4 7 10 | 10.0
Axes           | 3 5 7 9 15 | 15.0
Fighting       | 6 9 11 15 | 15.5
Polearms       | 6 8 |  8.9
Dodging        | 10 | 10.1
Shields        | 6 12 | 12.0
Invocations    | 1 5 |  5.0

Action                     |  1- 3 |  4- 6 |  7- 9 | 10-12 | 13-15 || total
---------------------------+-------+-------+-------+-------+-------++-------
  Melee: War axe           |    61 |    18 |   128 |   424 |   188 ||   819
         Headbutt          |     9 |     8 |    35 |    79 |    50 ||   181
         Halberd           |       |    43 |   120 |       |       ||   163
         Flail             |       |       |       |     4 |       ||     4
  Throw: Stone             |       |     1 |       |       |       ||     1
         Dart              |       |       |       |     2 |     2 ||     4
 Invoke: Heroism           |       |       |     1 |     2 |     3 ||     6
  Evoke: Wand              |       |       |       |     1 |       ||     1
    Use: Scroll            |       |       |       |    17 |     4 ||    21
         Potion            |       |       |       |       |     1 ||     1
 Armour: Scale mail        |    50 |    47 |   239 |       |       ||   336
         Chain mail        |       |       |    88 |   316 |   132 ||   536
  Dodge: Dodged            |    37 |    26 |   129 |   202 |    58 ||   452
  Block: Buckler           |    14 |       |    28 |   115 |    29 ||   186
         Kite shield       |       |       |       |       |    16 ||    16
Riposte: War axe           |       |       |       |       |    12 ||    12

Table legend: (Time is in decaauts)
 A = Elapsed time spent in this place.
 B = Non-inter-level travel time spent in this place.
 C = Inter-level travel time spent in this place.
 D = Time resting spent in this place.
 E = Time spent auto-exploring this place.
 F = Levels seen in this place.
 G = Mean time per level.
                   A        B        C        D        E       F      G
               +--------+--------+--------+--------+--------+-----+--------+
         Total |  14382 |  12339 |   2043 |    420 |   8434 |  17 |  846.0 |
       Dungeon |  10225 |   8582 |   1643 |    232 |   6125 |  11 |  929.5 |
        Temple |      3 |      3 |      0 |      0 |      0 |   1 |    3.0 |
          Lair |   3685 |   3286 |    399 |      0 |   2281 |   4 |  921.2 |
         Swamp |    468 |    468 |      0 |    188 |     27 |   1 |  468.0 |
               +--------+--------+--------+--------+--------+-----+--------+

Top non-repeatable levels by time:
     D:7: 1371 daAuts
     D:3: 1233 daAuts
  Lair:3: 1194 daAuts
  Lair:4: 1145 daAuts
     D:9: 1082 daAuts
     D:8: 1049 daAuts
     D:2: 892 daAuts
    D:11: 794 daAuts
     D:5: 788 daAuts
     D:1: 781 daAuts
  Lair:1: 777 daAuts
    D:10: 769 daAuts
     D:6: 762 daAuts
     D:4: 700 daAuts
  Lair:2: 569 daAuts
